 Dungeon Crawl Stone Soup version 0.23-a0-333-g006994f (webtiles) character file.

8 Ijustatesigmund the Magician (level 2, 0/17 HPs)
             Began as an Octopode Wizard on Oct 17, 2018.
             Slain by a leopard gecko (3 damage)
             ... on level 1 of the Dungeon.
             The game lasted 00:00:43 (604 turns).

Ijustatesigmund the Magician (Octopode Wizard)       Turns: 604, Time: 00:00:44

Health: 0/17       AC:  1    Str:  6    XL:     2   Next: 8%
Magic:  1/6        EV: 13    Int: 20    God:
Gold:   29         SH:  0    Dex: 10    Spells: 6/7 levels left

rFire    . . .     SeeInvis .   (no weapon)
rCold    . . .     Gourm    .   (no shield)
rNeg     . . .     Faith    .   a - +0 hat
rPois    .         Spirit   .   (no amulet)
rElec    .         Reflect  .   (no ring)
rCorr    .         Harm     .   (no ring)
MR       .....                  (no ring)
Stlth    +++.......             (no ring)
HPRegen  0.05/turn              (no ring)
MPRegen  0.10/turn              (no ring)
                                (no ring)
                                (no ring)

@: no status effects
A: almost no armour, stealthy swim, amphibious, 8 rings, constrict 8, camouflage
1, gelatinous body 1
a: no special abilities


You were on level 1 of the Dungeon.
You were not hungry.

You visited 1 branch of the dungeon, and saw 1 of its levels.

You collected 29 gold pieces.

Inventory:

Armour
 a - a +0 hat (worn)
Comestibles
 c - 2 rations


   Skills:
 - Level 2.0 Dodging
 - Level 2.6 Stealth
 - Level 3.0 Spellcasting
 + Level 2.1 Conjurations
   Level 1.0 Summonings
   Level 1.0 Translocations


You had 6 spell levels left.
You knew the following spells:

 Your Spells              Type           Power        Failure   Level  Hunger
a - Magic Dart            Conj           ##..         6%          1    None

Your spell library contained the following spells:

 Spells                   Type           Power        Failure   Level  Hunger
 Blink                    Tloc           N/A          14%         2    ##.....
 Call Imp                 Summ           #.......     14%         2    ##.....
 Slow                     Hex            #.......     22%         2    ##.....
 Conjure Flame            Conj/Fire      #.......     28%         3    ###....
 Mephitic Cloud           Conj/Pois/Air  #.......     32%         3    ###....


Dungeon Overview and Level Annotations

Branches:
Dungeon (1/15)

Altars:


Innate Abilities, Weirdness & Mutations

You cannot wear most types of armour.
You are very stealthy in the water. (Stealth+)
You are amphibious.
You can wear up to eight rings at the same time.
You can use your tentacles to constrict eight enemies at once.
Your skin changes colour to match your surroundings (Stealth+).
Your rubbery body absorbs attacks. (AC +1, EV +1)


Message History

Your magical contamination has completely faded away.
You tentacle-slap the rat.
You kill the rat!
The bat barely misses you.
You tentacle-slap the leopard gecko. Your grab misses the leopard gecko.
Your squeeze misses the leopard gecko.
The leopard gecko is lightly wounded.
The leopard gecko barely misses you.
You tentacle-slap the leopard gecko. Your grab misses the leopard gecko.
The leopard gecko is severely wounded.
The leopard gecko misses you.
You closely miss the leopard gecko. Your grab misses the leopard gecko.
The leopard gecko is severely wounded.
The leopard gecko barely misses you.
You miss the leopard gecko. Your grab misses the leopard gecko.
The leopard gecko is severely wounded.
The leopard gecko bites you.
* * * LOW HITPOINT WARNING * * *
The leopard gecko bites you.
You die...

#.### ..... #.# ....K
#.# ...... #.# ......
#.# ......#
############.# .......
#.......)....#
....).b###.........####
......Kl@.(........#
.......##..........#
..>.... #..........#
....... ##.....)...#
$...... %..........#
.........#.........#
#.####...#.........# ..
#.# ###########


You could see a leopard gecko, a bat and a kobold.

Vanquished Creatures
  A giant cockroach (D:1)
  A hobgoblin (D:1)
  2 bats (D:1)
  2 frilled lizards (D:1)
  A kobold (D:1)
  3 rats (D:1)
10 creatures vanquished.

Notes
Turn   | Place    | Note
-------+----------+-------------------------------------------
     0 | D:1      | Ijustatesigmund the Octopode Wizard began the quest for the
                  | Orb.
     0 | D:1      | Reached XP level 1. HP: 11/11 MP: 4/4
   588 | D:1      | Reached XP level 2. HP: 14/17 MP: 0/6
   604 | D:1      | Slain by a leopard gecko

Vault maps used:
D:1:      dpeg_arrival_prison

Skill      XL: |  1 |
---------------+----+-----
Conjurations   | 2 |  2.1
Dodging        | |  2.0
Stealth        | |  2.6
Spellcasting   | |  3.0
Summonings     | |  1.0
Translocations | |  1.0

Action                   || total
-------------------------++-------
Melee: Unarmed           ||    37
       Constrict         ||     8
       Tentacles         ||     1
 Cast: Magic Dart        ||    11
 Stab: Sleeping          ||     1
Armor: Skin              ||     7
Dodge: Dodged            ||    32

Table legend:
 A = Non-vault XP
 B = Vault XP
 C = Vault XP percentage of total XP
 D = Non-vault monster count
 E = Vault monster count
 F = Vault count percentage of total count
                 A         B        C        D         E       F
            +---------+---------+-------+---------+---------+-------
      Total |       9 |       3 |  25.0 |       8 |       2 |  20.0
            +---------+---------+-------+---------+---------+-------
        D:1 |       9 |       3 |  25.0 |       8 |       2 |  20.0
            +---------+---------+-------+---------+---------+-------
